 Dungeon Crawl Stone Soup version 0.29-a0-1027-gcd8c55af63 (webtiles) character file.

Game seed: 12226332791823459813

9 ragingrage the Sneak (level 2, 0/26 HPs)
             Began as a Minotaur Delver on Aug 13, 2022.
             Slain by a gnoll
             ... wielding a +0 flail
              (11 damage)
             ... on level 5 of the Dungeon.
             The game lasted 00:00:20 (537 turns).

ragingrage the Sneak (Minotaur Delver)               Turns: 537, Time: 00:00:20

Health: 0/26       AC:  3    Str: 16    XL:     2   Next: 3%
Magic:  1/1        EV: 11    Int:  7    God:
Gold:   8          SH:  0    Dex: 11    Spells: 1/1 levels left

rFire   . . .      SeeInvis .   a - +0 hand axe
rCold   . . .      Faith    .   (no shield)
rNeg    . . .      Spirit   .   b - +0 leather armour
rPois   .          Reflect  .   (helmet restricted)
rElec   .          Harm     .   (no cloak)
rCorr   .          Rampage  .   (no gloves)
Will    .....                   (no boots)
Stlth   ++........              (no amulet)
HPRegen 0.08/turn               (no ring)
MPRegen 0.07/turn               (no ring)

@: hasted, very quick
A: horns 2, retaliatory headbutt
a: no special abilities


You were on level 5 of the Dungeon.
You visited 1 branch of the dungeon, and saw 2 of its levels.

You collected 8 gold pieces.

Inventory:

Hand Weapons
 a - a +0 hand axe (weapon)
Armour
 b - a +0 leather armour (worn)
Wands
 g - a wand of digging (3)
Scrolls
 c - a scroll of fog
 d - a scroll of magic mapping
 e - a scroll of fear
 h - a scroll of torment {unknown}


   Skills:
 - Level 3.6 Fighting
 + Level 3.4 Axes
 - Level 2.1 Dodging
 - Level 4.1 Stealth


You had one spell level left.
You didn't know any spells.
Your spell library was empty.

Dungeon Overview and Level Annotations

Branches:
Dungeon (6/15)
 Temple: D:4-7

Altars:


Innate Abilities, Weirdness & Mutations

You have a pair of horns on your head.
You reflexively headbutt those who attack you in melee.


Message History

You start resting.
HP restored.
You start waiting.
Done waiting.
You see here an adder skeleton.
An iguana comes into view.
Unknown command.
There is a stone staircase leading up here.
You climb upwards.
There is a stone staircase leading down here.
Unknown command.
There is an open door here.
Unknown command.
h - a scroll labelled UWUESHROXES
Found 8 gold pieces.
You now have 8 gold pieces.
As you open the door, it creaks loudly! 2 gnolls come into view.
You hear a shout!
The gnoll shouts!
The gnoll moves out of view.
A gnoll comes into view. It is wielding a +0 spear.
The gnoll hits you from afar with a +0 spear.
There is an open door, spattered with blood here.
You barely miss the gnoll. Your headbutt misses the gnoll.
The gnoll closely misses you. You furiously retaliate!
You headbutt the gnoll.
You feel yourself speed up. The gnoll barely misses you.
You hit the gnoll but do no damage. You punch the gnoll, but do no damage.
The gnoll is moderately wounded.
The gnoll misses you. The gnoll hits you with a +0 flail.
You hit the gnoll but do no damage.
The gnoll is moderately wounded.
You closely miss the gnoll. You hit the gnoll.
The gnoll is almost dead.
You hit the gnoll. The gnoll closely misses you.
The gnoll hits you with a +0 flail. The gnoll closely misses you.
You hit the gnoll.
You kill the gnoll!
You barely miss the gnoll. The gnoll hits you with a +0 flail!
You die...

########........ #...
#.......#######' #...
#.......#....... #....
#.......#^...>..
#....####.......###.####
#.................#.##
#.................#..#
#.................#..#
#......@g.........#..#
#.......).........####
##+######g#######...
#.g...# ... #.....+
##....# #....# #....#
#....#


You could see 2 gnolls.

Vanquished Creatures
  A gnoll (D:5)
  An adder (D:6)
2 creatures vanquished.

Notes
Turn   | Place    | Note
-------+----------+-------------------------------------------
     0 | D:5      | ragingrage the Minotaur Delver began the quest for the Orb.
     0 | D:5      | Reached XP level 1. HP: 19/19 MP: 0/0
    31 | D:6      | Reached XP level 2. HP: 8/26 MP: 1/1
   537 | D:5      | Slain by a gnoll

Illustrated notes

Levels and vault maps discovered:
D:5:      layout_gridville, chei_slow_surprise, minmay_temple_entry_overgrown
D:6:      layout_basic

Skill      XL: |  1 |
---------------+----+-----
Axes           | 3 |  3.4
Fighting       | |  3.6
Dodging        | |  2.1
Stealth        | |  4.1

Action                   || total
-------------------------++-------
Melee: Hand axe          ||    11
       Punch             ||     1
  Use: Potion            ||     1
Armor: Leather armour    ||     1
Dodge: Dodged            ||     9

Table legend: (Time is in decaauts)
 A = Elapsed time spent in this place.
 B = Non-inter-level travel time spent in this place.
 C = Inter-level travel time spent in this place.
 D = Time resting spent in this place.
 E = Time spent auto-exploring this place.
 F = Levels seen in this place.
 G = Mean time per level.
                   A        B        C        D        E       F      G
               +--------+--------+--------+--------+--------+-----+--------+
         Total |    537 |    504 |     33 |    387 |     59 |   2 |  268.5 |
       Dungeon |    537 |    504 |     33 |    387 |     59 |   2 |  268.5 |
               +--------+--------+--------+--------+--------+-----+--------+

Top non-repeatable levels by time:
     D:6: 475 daAuts
     D:5: 62 daAuts
